2445 views
Uploaded 2021-10-01 12:18:42
Game version 1.32.10
20:12 long 3on3 ladder game on (6)ThunderLake_LV
Saved by xzz
2445 views
Uploaded 2021-10-01 12:18:42
Game version 1.32.10
20:12 long 3on3 ladder game on (6)ThunderLake_LV

77 units @ 10k
/ 1k
63 buildings @ 8k
/ 3.5k

| Healing Salve | 3 | 300 |
| Scroll of Speed | 3 | 150 |
| Lesser Clarity Potion | 1 | 70 |
| Potion of Healing | 1 | 150 |
| Scroll of Town Portal | 1 | 350 |
| Ring of Protection +4 | 1 | 300 |
| total: | 10 | 1320g |
| Peon | 9 | 675 | / | 0 |
| Troll Headhunter | 6 | 840 | / | 120 |
| Demolisher | 5 | 1100 | / | 250 |
| Shaman | 4 | 520 | / | 80 |
| Troll Witch Doctor | 4 | 580 | / | 100 |
| Goblin Shredder | 1 | 375 | / | 100 |
| Centaur Archer | 1 | 150 | / | 10 |
| Harpy Windwitch | 1 | 240 | / | 30 |
| total: | 31 | 4480g | / | 690w |
| Watch Tower | 11 | 1210 | / | 880 |
| Altar of Storms | 1 | 180 | / | 50 |
| Orc Burrow | 6 | 960 | / | 240 |
| Barracks | 2 | 360 | / | 100 |
| Voodoo Lounge | 1 | 130 | / | 30 |
| War Mill | 1 | 205 | / | 0 |
| Great Hall | 2 | 770 | / | 370 |
| Spirit Lodge | 1 | 150 | / | 150 |
| Stronghold | 1 | 315 | / | 190 |
| Fortress | 1 | 325 | / | 190 |
| total: | 25 | 3965g | / | 1820w |
| 0:04 | Peon |
| 0:04 | Peon |
| 0:08 | Altar of Storms |
| 0:10 | Orc Burrow |
| 0:26 | Peon |
| 0:39 | Barracks |
| 0:47 | Peon |
| 1:00 | Peon |
| 1:19 | Voodoo Lounge |
| 1:24 | Peon |
| 1:47 | War Mill |
| 2:04 | Peon |
| 2:12 | Orc Burrow |
| 2:18 | War Stomp |
| 2:35 | Peon |
| 2:59 | Troll Headhunter |
| 3:10 | Watch Tower |
| 3:20 | Troll Headhunter |
| 3:22 | Healing Salve |
| 3:35 | Orc Burrow |
| 3:38 | Troll Headhunter |
| 4:06 | Troll Headhunter |
| 4:27 | Peon |
| 4:45 | Centaur Archer |
| 5:17 | Endurance Aura |
| 5:21 | Stronghold |
| 5:32 | Troll Headhunter |
| 5:39 | Steel Ranged Weapons |
| 5:55 | Healing Salve |
| 5:58 | Scroll of Speed |
| 5:59 | Healing Salve |
| 6:49 | Goblin Shredder |
| 6:57 | Endurance Aura |
| 7:57 | Spirit Lodge |
| 8:04 | Demolisher |
| 8:08 | Barracks |
| 9:00 | Orc Burrow |
| 9:03 | Lesser Clarity Potion |
| 9:16 | Scroll of Town Portal |
| 9:20 | Shaman Adept Training |
| 9:21 | Shaman |
| 9:24 | Potion of Healing |
| 9:26 | Scroll of Speed |
| 9:40 | Steel Armor |
| 9:56 | Troll Headhunter |
| 9:57 | Demolisher |
| 10:00 | Shaman |
| 10:48 | Ring of Protection +4 |
| 10:54 | War Stomp |
| 11:50 | Fortress |
| 11:53 | Orc Burrow |
| 11:55 | Orc Burrow |
| 12:03 | Great Hall |
| 13:11 | Great Hall |
| 13:21 | Watch Tower |
| 13:22 | Watch Tower |
| 13:22 | Watch Tower |
| 13:22 | Watch Tower |
| 13:24 | Watch Tower |
| 14:18 | Berserker Upgrade |
| 14:18 | Burning Oil |
| 14:21 | Shaman Master Training |
| 14:23 | Shaman |
| 14:23 | Witch Doctor Adept Training |
| 14:28 | Watch Tower |
| 14:30 | Watch Tower |
| 14:30 | Watch Tower |
| 14:31 | Watch Tower |
| 14:52 | Reinforced Defenses |
| 15:02 | Harpy Windwitch |
| 15:30 | Thorium Ranged Weapons |
| 15:47 | Scroll of Speed |
| 16:05 | Demolisher |
| 16:46 | Troll Witch Doctor |
| 16:46 | Troll Witch Doctor |
| 16:48 | Demolisher |
| 17:11 | Watch Tower |
| 17:22 | Witch Doctor Master Training |
| 17:27 | Demolisher |
| 17:49 | Thorium Armor |
| 18:25 | Troll Witch Doctor |
| 18:26 | Troll Witch Doctor |
| 18:47 | Troll Regeneration |
| 18:58 | Arcanite Ranged Weapons |
| 19:27 | Shaman |
| Right click | 547 |
| Select group | 313 |
| Select | 272 |
| Build/train/purchase | 92 |
| Assign group | 42 |
| Chat | 32 |
| Use ability | 17 |
| Misc. action | 6 |
| Item give/drop | 3 |
| Minimap ping | 2 |
| Remove unit | 1 |


| Scroll of Regeneration | 3 | 300 |
| Lesser Clarity Potion | 2 | 140 |
| Potion of Healing | 2 | 300 |
| Scroll of Town Portal | 1 | 350 |
| total: | 8 | 1090g |
| Peasant | 11 | 825 | / | 0 |
| Footman | 9 | 1215 | / | 0 |
| Priest | 2 | 270 | / | 20 |
| total: | 22 | 2310g | / | 20w |
| Scout Tower | 4 | 120 | / | 80 |
| Guard Tower | 4 | 280 | / | 200 |
| Altar of Kings | 1 | 180 | / | 50 |
| Farm | 6 | 480 | / | 120 |
| Barracks | 1 | 160 | / | 60 |
| Arcane Vault | 1 | 130 | / | 30 |
| Lumber Mill | 1 | 120 | / | 0 |
| Blacksmith | 1 | 140 | / | 60 |
| Town Hall | 1 | 385 | / | 205 |
| Arcane Sanctum | 2 | 300 | / | 280 |
| Keep | 1 | 320 | / | 210 |
| Castle | 1 | 360 | / | 210 |
| total: | 18 | 2015g | / | 885w |
| 0:02 | Peasant |
| 0:04 | Peasant |
| 0:08 | Altar of Kings |
| 0:18 | Farm |
| 0:20 | Barracks |
| 0:23 | Peasant |
| 0:23 | Peasant |
| 0:36 | Peasant |
| 0:43 | Peasant |
| 1:03 | Farm |
| 1:06 | Peasant |
| 1:06 | Peasant |
| 1:22 | Footman |
| 1:25 | Peasant |
| 1:36 | Footman |
| 1:42 | Farm |
| 1:48 | Peasant |
| 1:48 | Peasant |
| 2:02 | Footman |
| 2:02 | Footman |
| 2:14 | Summon Water Elemental |
| 2:41 | Keep |
| 2:46 | Footman |
| 3:00 | Footman |
| 3:19 | Defend |
| 3:39 | Brilliance Aura |
| 3:51 | Arcane Vault |
| 3:54 | Lumber Mill |
| 4:06 | Farm |
| 4:48 | Footman |
| 5:08 | Arcane Sanctum |
| 5:11 | Scroll of Regeneration |
| 5:25 | Arcane Sanctum |
| 5:36 | Scout Tower |
| 5:39 | Scout Tower |
| 5:41 | Footman |
| 6:05 | Thunder Clap |
| 6:11 | Guard Tower |
| 6:21 | Lesser Clarity Potion |
| 6:28 | Potion of Healing |
| 6:34 | Lesser Clarity Potion |
| 6:48 | Potion of Healing |
| 7:01 | Footman |
| 7:11 | Scroll of Regeneration |
| 7:21 | Scroll of Regeneration |
| 7:31 | Farm |
| 7:58 | Farm |
| 8:13 | Priest Adept Training |
| 8:13 | Priest |
| 8:19 | Scout Tower |
| 9:04 | Guard Tower |
| 9:12 | Scout Tower |
| 9:30 | Priest |
| 9:46 | Castle |
| 9:49 | Guard Tower |
| 9:56 | Storm Bolt |
| 10:24 | Scroll of Town Portal |
| 10:35 | Blacksmith |
| 10:51 | Bash |
| 11:28 | Town Hall |
| 11:38 | Blizzard |
| 11:50 | Iron Forged Swords |
| 11:51 | Iron Plating |
| Right click | 379 |
| Select group | 339 |
| Select | 180 |
| Misc. action | 109 |
| Assign group | 94 |
| Build/train/purchase | 92 |
| Use ability | 10 |
| Chat | 7 |
| Minimap ping | 6 |
| Esc | 2 |
| Item give/drop | 1 |


| Peasant | 11 | 825 | / | 0 |
| Rifleman | 9 | 1845 | / | 270 |
| Priest | 2 | 270 | / | 20 |
| Sorceress | 2 | 310 | / | 40 |
| total: | 24 | 3250g | / | 330w |
| Scout Tower | 4 | 120 | / | 80 |
| Altar of Kings | 1 | 180 | / | 50 |
| Farm | 10 | 800 | / | 200 |
| Barracks | 1 | 160 | / | 60 |
| Blacksmith | 1 | 140 | / | 60 |
| Lumber Mill | 1 | 120 | / | 0 |
| Town Hall | 1 | 385 | / | 205 |
| Arcane Sanctum | 1 | 150 | / | 140 |
| Keep | 1 | 320 | / | 210 |
| total: | 20 | 2055g | / | 795w |
| 0:05 | Peasant |
| 0:05 | Peasant |
| 0:05 | Peasant |
| 0:33 | Peasant |
| 0:55 | Peasant |
| 1:04 | Altar of Kings |
| 1:15 | Peasant |
| 1:22 | Farm |
| 1:30 | Peasant |
| 1:35 | Barracks |
| 2:04 | Blacksmith |
| 2:36 | Keep |
| 2:44 | Farm |
| 3:23 | Farm |
| 3:30 | Rifleman |
| 3:33 | Summon Water Elemental |
| 3:46 | Farm |
| 4:13 | Rifleman |
| 4:31 | Rifleman |
| 4:47 | Rifleman |
| 4:48 | Black Gunpowder |
| 4:50 | Farm |
| 4:58 | Lumber Mill |
| 5:04 | Rifleman |
| 5:26 | Arcane Sanctum |
| 5:31 | Farm |
| 5:58 | Rifleman |
| 6:02 | Refined Gunpowder |
| 6:11 | Farm |
| 6:33 | Brilliance Aura |
| 7:00 | Farm |
| 7:02 | Priest |
| 7:03 | Priest |
| 7:05 | Long Rifles |
| 8:04 | Town Hall |
| 8:24 | Storm Bolt |
| 8:34 | Summon Water Elemental |
| 8:48 | Sorceress |
| 8:48 | Sorceress |
| 8:50 | Rifleman |
| 8:53 | Farm |
| 8:54 | Farm |
| 9:25 | Rifleman |
| 10:16 | Rifleman |
| 11:55 | Peasant |
| 11:56 | Peasant |
| 11:56 | Peasant |
| 11:56 | Peasant |
| 11:59 | Scout Tower |
| 12:00 | Scout Tower |
| 12:01 | Scout Tower |
| 12:02 | Scout Tower |
| 12:05 | Bash |
| Right click | 227 |
| Select | 153 |
| Misc. action | 71 |
| Build/train/purchase | 47 |
| Use ability | 6 |
63 units @ 8.1k
/ 0.8k
54 buildings @ 6.6k
/ 2.7k


| Moonstone | 4 | 200 |
| total: | 4 | 200g |
| Wisp | 17 | 1020 | / | 0 |
| Huntress | 9 | 1755 | / | 180 |
| Druid of the Talon | 2 | 290 | / | 40 |
| Mountain Giant | 1 | 350 | / | 100 |
| total: | 29 | 3415g | / | 320w |
| Altar of Elders | 1 | 180 | / | 50 |
| Moon Well | 6 | 1080 | / | 240 |
| Hunter's Hall | 1 | 210 | / | 100 |
| Ancient of War | 1 | 150 | / | 60 |
| Ancient of Wonders | 1 | 90 | / | 30 |
| Ancient of Wind | 2 | 300 | / | 280 |
| Ancient of Lore | 2 | 310 | / | 290 |
| Tree of Ages | 2 | 640 | / | 360 |
| Tree of Eternity | 1 | 330 | / | 200 |
| total: | 14 | 2320g | / | 1050w |
| 0:06 | Wisp |
| 0:06 | Wisp |
| 0:14 | Altar of Elders |
| 0:16 | Moon Well |
| 0:30 | Wisp |
| 0:34 | Wisp |
| 0:34 | Wisp |
| 0:35 | Wisp |
| 0:35 | Wisp |
| 1:22 | Hunter's Hall |
| 1:39 | Ancient of War |
| 1:50 | Wisp |
| 1:50 | Wisp |
| 1:52 | Wisp |
| 1:53 | Wisp |
| 1:53 | Wisp |
| 1:53 | Wisp |
| 1:53 | Wisp |
| 2:11 | Moon Well |
| 2:17 | Evasion |
| 2:51 | Sentinel |
| 2:52 | Huntress |
| 2:52 | Huntress |
| 3:23 | Tree of Ages |
| 3:50 | Huntress |
| 4:02 | Ancient of Wonders |
| 4:06 | Moon Well |
| 4:23 | Huntress |
| 4:42 | Mana Burn |
| 5:20 | Moonstone |
| 5:30 | Huntress |
| 5:30 | Huntress |
| 5:55 | Moon Glaive |
| 7:27 | Fan of Knives |
| 7:54 | Moonstone |
| 8:11 | Ancient of Wind |
| 8:13 | Ancient of Lore |
| 8:18 | Ancient of Wind |
| 8:20 | Ancient of Lore |
| 8:23 | Tree of Eternity |
| 8:29 | Huntress |
| 9:25 | Huntress |
| 9:26 | Druid of the Talon Adept Training |
| 9:27 | Druid of the Talon |
| 9:27 | Druid of the Talon |
| 9:53 | Mountain Giant |
| 10:00 | Moonstone |
| 10:00 | Moonstone |
| 10:07 | Moon Well |
| 10:08 | Moon Well |
| 10:09 | Moon Well |
| 10:44 | Evasion |
| 10:51 | Wisp |
| 10:51 | Wisp |
| 10:51 | Wisp |
| 11:22 | Huntress |
| Right click | 475 |
| Select group | 180 |
| Select | 165 |
| Build/train/purchase | 56 |
| Misc. action | 42 |
| Use ability | 23 |
| Assign group | 19 |
| Item give/drop | 1 |


| Peasant | 10 | 750 | / | 0 |
| Footman | 4 | 540 | / | 0 |
| Rifleman | 2 | 410 | / | 60 |
| Knight | 1 | 245 | / | 60 |
| Gryphon Rider | 1 | 280 | / | 70 |
| total: | 18 | 2225g | / | 190w |
| Altar of Kings | 1 | 180 | / | 50 |
| Farm | 8 | 640 | / | 160 |
| Barracks | 2 | 320 | / | 120 |
| Lumber Mill | 2 | 240 | / | 0 |
| Blacksmith | 1 | 140 | / | 60 |
| Gryphon Aviary | 1 | 140 | / | 150 |
| Workshop | 1 | 140 | / | 140 |
| Keep | 1 | 320 | / | 210 |
| Castle | 1 | 360 | / | 210 |
| total: | 16 | 1800g | / | 680w |
| 0:07 | Peasant |
| 0:07 | Peasant |
| 0:16 | Altar of Kings |
| 0:25 | Farm |
| 0:35 | Barracks |
| 0:41 | Peasant |
| 0:41 | Peasant |
| 0:48 | Farm |
| 1:01 | Peasant |
| 1:10 | Peasant |
| 1:45 | Peasant |
| 1:50 | Footman |
| 1:51 | Footman |
| 1:57 | Peasant |
| 2:04 | Farm |
| 2:11 | Farm |
| 2:20 | Farm |
| 2:26 | Footman |
| 2:35 | Storm Bolt |
| 2:40 | Footman |
| 3:47 | Lumber Mill |
| 4:04 | Lumber Mill |
| 4:09 | Keep |
| 4:50 | Barracks |
| 5:02 | Farm |
| 5:12 | Improved Lumber Harvesting |
| 5:27 | Blacksmith |
| 5:46 | Farm |
| 5:58 | Farm |
| 6:39 | Rifleman |
| 6:40 | Rifleman |
| 6:52 | Long Rifles |
| 6:54 | Black Gunpowder |
| 7:10 | Thunder Clap |
| 7:33 | Holy Light |
| 7:42 | Castle |
| 7:57 | Gryphon Aviary |
| 9:54 | Workshop |
| 9:58 | Iron Forged Swords |
| 9:58 | Iron Plating |
| 10:03 | Animal War Training |
| 10:10 | Knight |
| 10:12 | Gryphon Rider |
| 10:14 | Peasant |
| 10:14 | Peasant |
| 10:19 | Advanced Lumber Harvesting |
| 10:23 | Refined Gunpowder |
| 11:08 | Storm Bolt |
| 11:14 | Studded Leather Armor |
| 11:18 | Steel Forged Swords |
| 11:19 | Reinforced Leather Armor |
| 12:25 | Divine Shield |
| Right click | 327 |
| Select | 165 |
| Build/train/purchase | 42 |
| Use ability | 10 |
| Minimap ping | 6 |
| Remove unit | 2 |
| Misc. action | 1 |


| Scroll of Regeneration | 1 | 100 |
| total: | 1 | 100g |
| Peasant | 8 | 600 | / | 0 |
| Rifleman | 7 | 1435 | / | 210 |
| Goblin Shredder | 1 | 375 | / | 100 |
| total: | 16 | 2410g | / | 310w |
| Scout Tower | 5 | 150 | / | 100 |
| Guard Tower | 3 | 210 | / | 150 |
| Arcane Tower | 1 | 70 | / | 50 |
| Altar of Kings | 1 | 180 | / | 50 |
| Farm | 9 | 720 | / | 180 |
| Barracks | 1 | 160 | / | 60 |
| Blacksmith | 1 | 140 | / | 60 |
| Lumber Mill | 2 | 240 | / | 0 |
| Arcane Vault | 2 | 260 | / | 60 |
| Town Hall | 1 | 385 | / | 205 |
| Gryphon Aviary | 2 | 280 | / | 300 |
| Keep | 1 | 320 | / | 210 |
| Castle | 1 | 360 | / | 210 |
| total: | 24 | 2515g | / | 1015w |
| 0:02 | Peasant |
| 0:03 | Peasant |
| 0:03 | Peasant |
| 0:03 | Peasant |
| 0:15 | Altar of Kings |
| 0:16 | Farm |
| 0:17 | Farm |
| 0:50 | Peasant |
| 1:01 | Farm |
| 1:04 | Farm |
| 1:35 | Barracks |
| 1:38 | Blacksmith |
| 1:45 | Peasant |
| 1:45 | Peasant |
| 1:55 | Lumber Mill |
| 2:00 | Farm |
| 2:18 | Peasant |
| 2:27 | Holy Light |
| 2:43 | Arcane Vault |
| 2:51 | Rifleman |
| 3:01 | Rifleman |
| 3:19 | Scout Tower |
| 3:22 | Scout Tower |
| 3:24 | Scout Tower |
| 3:25 | Scout Tower |
| 3:26 | Scout Tower |
| 3:38 | Rifleman |
| 3:45 | Farm |
| 4:00 | Studded Leather Armor |
| 4:00 | Black Gunpowder |
| 4:20 | Rifleman |
| 4:29 | Farm |
| 4:34 | Farm |
| 4:37 | Farm |
| 5:01 | Rifleman |
| 5:18 | Devotion Aura |
| 5:26 | Keep |
| 5:30 | Guard Tower |
| 5:40 | Guard Tower |
| 5:45 | Arcane Tower |
| 5:57 | Improved Lumber Harvesting |
| 6:03 | Scroll of Regeneration |
| 6:12 | Guard Tower |
| 6:42 | Devotion Aura |
| 6:57 | Town Hall |
| 7:35 | Rifleman |
| 7:50 | Long Rifles |
| 7:57 | Gryphon Aviary |
| 8:19 | Gryphon Aviary |
| 8:23 | Lumber Mill |
| 8:44 | Goblin Shredder |
| 9:09 | Rifleman |
| 9:54 | Iron Forged Swords |
| 9:55 | Reinforced Leather Armor |
| 9:58 | Advanced Lumber Harvesting |
| 10:05 | Arcane Vault |
| 10:21 | Improved Masonry |
| 11:21 | Holy Light |
| 11:50 | Storm Bolt |
| 11:51 | Castle |
| 11:55 | Steel Forged Swords |
| Select | 182 |
| Right click | 160 |
| Build/train/purchase | 41 |
| Use ability | 7 |
| Minimap ping | 4 |
| Item give/drop | 1 |
⇛